 Dungeon Crawl Stone Soup version 0.31-a0-150-g89dc3ad700 (webtiles) character file.

Game seed: 7882044907022502076

110230 IndexError the Fighter (level 17, -4/135 HPs)
             Began as a Djinni Conjurer on June 8, 2023.
             Was a Priest of Ashenzari.
             Engulfed by a ghost crab's spectral mist (9 damage)
             ... on level 1 of the Swamp.
             The game lasted 01:14:51 (24751 turns).

IndexError the Fighter (Djinni Conjurer)           Turns: 24751, Time: 01:14:52

Health: -4/135     AC: 18    Str:  6    XL:     17   Next: 9%
Gold:   1175       EV: 14    Int: 29    God:    Ashenzari [***...] SH:  5 Dex: 11

rFire   + + .        a - staff of cold {rC+}
rCold   + + +        G - +0 buckler {AC+3}
rNeg    + + +        u - +0 troll leather armour of Ashenzari's Sorrow {Regen+, regen, Self, Evo} (curse)
rPois   ∞            s - +2 helmet "Tethered Together" {rPois rN+, Bglg, Elem} (curse)
rElec   .            (no cloak)
rCorr   .            d - +1 pair of gloves "I Foresaw This" {rN++, Evo, Bglg} (curse)
SInv    +            (boots unavailable)
Will    ++...        M - amulet of the Lashed Ether {Regen+, +regen, !d, Self, Melee} (curse)
Stlth   +            x - ring of the Prescient Sky {Drain Fly rC+++ Will+ SInv, Self, Elem} (curse)
HPRegen 2.02/turn    c - +4 ring of protection
MPRegen 0.00/turn

%: clarity, infuse magic (-5 HP)
@: flying
A: sickness immunity, fire resistance 2, cold vulnerability 1, float, innate
caster, HP casting, extra vitality 1
a: Renounce Religion, Curse Item, Shatter the Chains


You were on level 1 of the Swamp.
You worshipped Ashenzari.
Ashenzari was most pleased with you.
You visited 5 branches of the dungeon, and saw 24 of its levels.
You also visited: Ossuary and Volcano.

You collected 2659 gold pieces.
You spent 1484 gold pieces at shops.

Inventory:

Missiles
 f - 4 boomerangs of dispersal {=f}
 o - 5 curare-tipped darts
 y - 9 javelins
 E - 2 throwing nets {=f, !d}
Armour
 d - the cursed +1 pair of gloves "I Foresaw This" (worn) {rN++, Evo, Bglg}
   (You found it on level 3 of the Lair of Beasts)

   rN:        It greatly protects you from negative energy.
   It has a curse which improves the following skills: Evocations: Evocations.
   Beguiling: Conjurations, Hexes and Translocations.
 s - the cursed +2 helmet "Tethered Together" (worn) {rPois rN+, Bglg, Elem}
   (You took it off Robin on level 3 of the Dungeon)

   rPois:     It protects you from poison.
   rN:        It protects you from negative energy.
   It has a curse which improves the following skills: Beguiling: Conjurations,
   Hexes and Translocations.
   Elements:  Fire Magic, Ice Magic, Air Magic and Earth Magic.
 u - the cursed +0 troll leather armour of Ashenzari's Sorrow (worn) {Regen+, regen, Self, Evo}
   (You found it on level 2 of the Orcish Mines)

   Regen:     It increases your rate of health regeneration.
   It has a curse which improves the following skills: Introspection: Fighting
   and Spellcasting.
   Evocations: Evocations.
 B - the +0 pair of gloves "Cat Najo" {rC- rCorr Str+4 Slay+2}
   (You bought it in a shop on level 14 of the Dungeon)

   Str:       It affects your strength (+4).
   Slay:      It affects your accuracy & damage with ranged weapons and melee
   (+2).
   rC:        It makes you vulnerable to cold.
   rCorr:     It protects you from acid and corrosion.
 G - a +0 buckler of protection (worn)
   (You found it on level 2 of the Lair of Beasts)
Magical Staves
 a - a staff of cold (weapon) {rC+}
   (You found it on level 4 of the Dungeon)
Jewellery
 c - a +4 ring of protection (right hand)
   (You found it on level 9 of the Dungeon)
 x - the cursed ring of the Prescient Sky (left hand) {Drain Fly rC+++ Will+ SInv, Self, Elem}
   (You bought it in a shop on level 7 of the Dungeon)

   [ring of willpower]

   rC:        It renders you almost immune to cold.
   SInv:      It lets you see invisible.
   Fly:       It grants you flight.
   Drain:     It drains your maximum health when unequipped.
   Will:      It increases your willpower.
   It has a curse which improves the following skills: Introspection: Fighting
   and Spellcasting.
   Elements:  Fire Magic, Ice Magic, Air Magic and Earth Magic.
 M - the cursed amulet of the Lashed Ether (around neck) {Regen+, +regen, !d, Self, Melee}
   (You bought it in a shop on level 7 of the Dungeon)

   [amulet of regeneration]

   Regen:     It increases your rate of health regeneration.
   It has a curse which improves the following skills: Introspection: Fighting
   and Spellcasting.
   Melee Combat: Short Blades, Long Blades, Axes, Maces & Flails, Polearms,
   Staves and Unarmed Combat.
 T - a +5 ring of evasion
   (You found it on level 4 of the Lair of Beasts)
 V - a ring of resist corrosion
   (You found it on level 5 of the Lair of Beasts)
Wands
 I - a wand of quicksilver (14)
   (You took it off an orc on level 6 of the Dungeon)
 J - a wand of polymorph (7)
   (You found it on level 6 of the Dungeon)
 O - a wand of charming (20)
   (You found it on level 10 of the Dungeon)
 Q - a wand of flame (28)
   (You found it on level 8 of the Dungeon)
 U - a wand of iceblast (21)
   (You found it on level 5 of the Lair of Beasts)
Scrolls
 e - 4 scrolls of magic mapping {!r}
 h - 3 scrolls of fog
 i - 16 scrolls of teleportation
 j - 3 scrolls of blinking {!r}
 n - 8 scrolls of fear
 p - 2 scrolls of enchant weapon
 t - 3 scrolls of butterflies
 D - 3 scrolls of immolation {!r}
 K - 2 scrolls of poison
Potions
 b - 8 potions of lignification {!q}
 g - 5 potions of curing
 k - 5 potions of haste
 l - 8 potions of enlightenment
 m - 2 potions of cancellation
 q - 3 potions of might
 r - 6 potions of attraction {!q}
 v - 4 potions of heal wounds
 w - a potion of resistance
 z - 3 potions of invisibility
 A - 4 potions of brilliance
 L - 7 potions of mutation {!q}
 N - 3 potions of ambrosia
Miscellaneous
 C - a phantom mirror
   (You found it on level 15 of the Dungeon)
 R - a lightning rod (4/4)
   (You found it on level 3 of the Lair of Beasts)
 S - a phial of floods
   (You found it on level 4 of the Lair of Beasts)


   Skills:
 - Level 13.9(16.8) Fighting
 * Level 8.3(9.9) Staves
 - Level 10.0 Armour
 - Level 11.0 Dodging
 - Level 1.5 Stealth
 - Level 5.0 Shields
 + Level 13.4(16.3) Spellcasting
 + Level 13.4(15.5) Conjurations
 + Level 13.4(15.5) Hexes
 + Level 13.4 Summonings
 + Level 13.4 Necromancy
 + Level 13.4(15.5) Translocations
 + Level 13.4 Transmutations
 + Level 13.4(15.5) Fire Magic
 + Level 13.4(15.5) Ice Magic
 + Level 13.4(15.5) Air Magic
 + Level 13.4(15.5) Earth Magic
 + Level 13.4 Poison Magic
 - Level 10.0(12.2) Evocations


You knew the following spells:

 Your Spells              Type           Power      Damage    Failure   Level
a - Magic Dart            Conj           100%       1d8       0%          1
b - Searing Ray           Conj           100%       2d8       0%          2
c - Plasma Beam           Fire/Air       42%        2x1d56    1%          6
d - Fulminant Prism       Conj/Hex       42%        3d19      1%          4
e - Sandblast             Erth           100%       2d20      0%          1
f - Static Discharge      Conj/Air       100%       2-7/arc   0%          2
g - Call Imp              Summ           100%       N/A       1%          2
h - Anguish               Hex/Necr       41%        N/A       1%          4
i - Animate Armour        Summ/Erth      100%       N/A       1%          4
j - Agony                 Necr           79%        N/A       1%          5
k - Dazzling Flash        Conj/Hex       100%       N/A       1%          3
l - Leda's Unmaking       Conj/Erth      42%        9d7       1%          6
x - Iskenderun's Mystic   Conj/Tloc      85%        2d17      1%          4
Your spell library was empty.

Dungeon Overview and Level Annotations

Branches:
Dungeon (15/15)            Temple (1/1) D:5            Lair (5/5) D:9
  Swamp (1/4) Lair:2        Snake (0/4) Lair:2        Slime (0/5) Lair:4
    Orc (2/2) D:9             Elf (0/3) Orc:2        Vaults (0/5) D:13
 Depths (0/4) D:15        Ossuary (visited)         Volcano (visited)

Altars:
Ashenzari
Cheibriados
Dithmenos
Elyvilon
Fedhas
Gozag
Hepliaklqana
Makhleb
Nemelex Xobeh
Okawaru
Qazlal
Ru
Trog
Uskayaw
Wu Jian
Xom
Yredelemnul
Zin
The Shining One
Jiyva

Shops:
D:1 [   D:7 =   D:9 =[!*   D:13 *   D:14 :[   Orc:2 [??(

Annotations:
D:4 2 runed translucent doors, PirateVox's ghost, amateur FoFi
D:15 2 transporters, exclusion: 2 obsidian statues, Boop's ghost, journeyman DEAE


Innate Abilities, Weirdness & Mutations

You are immune to sickness and miasma.
You are immune to poison.
Your flesh is very heat resistant. (rF++)
You are vulnerable to cold. (rC-)
You float through the air rather than walking.
You learn spells naturally, not from books.
Your magical power is your life essence.
You have superior vitality. (+4 MHP)


Message History

The bolt of lightning misses the bunyip.
The fiery plasma hits the bunyip!
The bunyip is engulfed in a cloud of scalding steam.
A spriggan rider comes into view. It is wielding a +0 spear.
You take 4 damage, and have 104/135 hp.
Casting: Plasma Beam (dangerous; 1% risk of failure)
Confirm with . or Enter, or press ? or * to list all spells.
Casting: Plasma Beam (dangerous; 1% risk of failure)
Press: ? - help, Dir - look around, f - activate The bolt of lightning hits the bunyip!!
You hear a shout!
You block the vampire mosquito's attack.
A swamp worm comes into view.
You take 4 damage, and have 100/135 hp.
Casting: Plasma Beam (dangerous; 1% risk of failure)
Confirm with . or Enter, or press ? or * to list all spells.
You erupt in a blast of force!
The mystic blast hits the vampire mosquito!!
The mystic blast hits the vampire mosquito!
The vampire mosquito is knocked back by the mystic blast.
The bunyip is engulfed in a cloud of scalding steam.
You take 2 damage, and have 98/135 hp.
Casting: Iskenderun's Mystic Blast (safe; 1% risk of failure)
Confirm with . or Enter, or press ? or * to list all spells.
You erupt in a blast of force!
The mystic blast hits the vampire mosquito!!
You hear a hideous shriek!
A bunyip comes into view.
The swamp worm fires a harpoon shot at you.
The harpoon shot hits you!
You are yanked forward by the harpoon shot.
The bunyip moves out of view.
You take 13 damage, and have 85/135 hp.
Casting: Iskenderun's Mystic Blast (safe; 1% risk of failure)
Confirm with . or Enter, or press ? or * to list all spells.
Casting: Plasma Beam (mildly dangerous; 1% risk of failure)
Press: ? - help, Dir - look around, f - activate
Okay, then.
Casting: Plasma Beam (mildly dangerous; 1% risk of failure)
Confirm with . or Enter, or press ? or * to list all spells.
You erupt in a blast of force!
The mystic blast hits the swamp worm!!
The swamp worm is knocked back by the mystic blast.
You take 2 damage, and have 83/135 hp.
Casting: Iskenderun's Mystic Blast (safe; 1% risk of failure)
Confirm with . or Enter, or press ? or * to list all spells.
Casting: Plasma Beam (mildly dangerous; 1% risk of failure)
Press: ? - help, Dir - look around, f - activate The bolt of lightning hits the swamp worm!!
You hear a shout!
You hear a hideous shriek!
A spriggan druid comes into view. It is wielding a +0 quarterstaff.
You take 4 damage, and have 79/135 hp.
A bunyip comes into view.
You regained 2 hp, and now have 81/135 hp.
The bunyip gives a hideous shriek!
You regained 2 hp, and now have 83/135 hp.
A ghost crab comes into view.
You regained 2 hp, and now have 85/135 hp.
Casting: Plasma Beam (mildly dangerous; 1% risk of failure)
Confirm with . or Enter, or press ? or * to list all spells.
You erupt in a blast of force!
The mystic blast hits the bunyip!
The bunyip is knocked back by the mystic blast.
The mystic blast hits the bunyip!
The bunyip is knocked back by the mystic blast.
You take 2 damage, and have 83/135 hp.
A bunyip comes into view.
The spriggan druid hits you with a +0 quarterstaff!
The bunyip howls a warning cry!
You block the bunyip's attack. The bunyip misses you.
The bunyip claws you but does no damage.
The ghost crab breathes spectral mist at you.
The spectral mist engulfs the bunyip but does no damage.
You hear a deafening roar!
You hear a chilling moan.
You take 8 damage, and have 75/135 hp.
Casting: Iskenderun's Mystic Blast (safe; 1% risk of failure)
Confirm with . or Enter, or press ? or * to list all spells.
You erupt in a blast of force!
The mystic blast hits the bunyip!!
The bunyip is knocked back by the mystic blast.
The mystic blast hits the spriggan rider!!
The spriggan rider is knocked back by the mystic blast.
The mystic blast hits the bunyip!
The bunyip is knocked back by the mystic blast.
The mystic blast hits the spriggan druid!!
The spriggan druid is knocked back by the mystic blast.
You are engulfed in spectral mist.
The ghost crab breathes spectral mist at you.
The spectral mist engulfs the bunyip but does no damage.
You take 6 damage, and have 69/135 hp.
You are engulfed in spectral mist.
The bunyip howls a warning cry!
The bunyip is engulfed in spectral mist.
The bunyip claws you!!
* * * LOW HITPOINT WARNING * * *
The bunyip claws you!!
* * * LOW HITPOINT WARNING * * *
The bunyip misses you.
You hear a shout!
You hear a roar!
There is a staircase back to the Lair here.
You take 64 damage, and have 5/135 hp.
MASSIVE DAMAGE!!
You are engulfed in spectral mist.
You die...

, * ~ , ** ♣♣[.♣* ~ ~.
, , ♣♣♣♣...♣ * ... ~
~♣♣♣~...~.♣♣ ♣♣♣~♣*
♣♣.........♣♣♣.♣.♣♣♣ ~
*~.~~~..≈≈≈≈..~~..~..
~ ~~~~~.[≈≈≈≈≈≈.§.Z~~.
, ♣..§~.≈≈≈≈≈☼☼☼t§Z~~.
~ ♣.~.≈≈≈≈≈☼@xx☼☼~~~
♣~.~~.≈≈≈≈≈○○Z☼§~~~§ ~
* ♣.~~~..≈≈≈≈≈≈°☼i§§~~
,
*♣.~~~..≈≈≈≈≈≈i~~~~~.,
~,
..~~...x≈≈≈≈i.~~....,
~ *
.~.♣~....≈≈.≈.~.~♣~.
,* ,
*~~~.~..♣♣...♣♣...♣ ♣
, * ~~~...~ ♣♣♣♣♣
~~~., ~ , , * ~ ~


You could see 3 bunyips, a spriggan rider, a ghost crab, a spriggan druid, a
spectral death drake (summoned), a spectral snapping turtle (summoned), a
spectral spriggan berserker (summoned) and a spriggan.

Vanquished Creatures
  Rupert (Lair:3)
  Gastronok (D:10)
  An orc warlord (Orc:1)
  Nessos (D:14)
  The ghost of mn3067 the Severer, a journeyman GrGl of Gozag (Lair:5)
  A bunyip (Swamp:1)
  2 ettins
  Harold (Lair:1)
  Erolcha (D:9)
  6 hydras
  4 centaur warriors
  A death knight (D:13)
  A merfolk avatar (Lair:5)
  4 catoblepae
  2 dancing weapons (D:13)
  4 boulder beetles
  Erica (Lair:1)
  A tengu warrior (D:10)
  19 death yaks
  5 two-headed ogres
  Urug (D:13)
  3 orc high priests (Orc:2)
  Sonja (Orc:2)
  A hell knight (Volcano)
  A skyshark (Lair:4)
  Amaemon (Lair:3)
  Lodul (D:14)
  3 deep trolls (D:15)
  2 swamp dragons (Swamp:1)
  A lindwurm (Lair:5)
  2 necromancers (D:15)
  4 deep elf pyromancers
  4 orc sorcerers (Orc:2)
  A harpy (Lair:5)
  3 oklob plants (Lair:4)
  8 orc knights
  4 manticores
  2 salamanders (Volcano)
  8 cyclopes
  3 ugly things
  A moth of wrath (shapeshifter) (D:14)
  6 black mambas
  2 black mambas (shapeshifter) (D:13)
  5 molten gargoyles (Volcano)
  8 cane toads
  6 elephants
  3 gargoyles
  An orange demon (Lair:3)
  An unseen horror (D:13)
  2 efreet
  A rime drake (Lair:5)
  5 kobold demonologists
  A freezing wraith (D:13)
  13 komodo dragons
  2 tengu conjurers
  A rime drake (shapeshifter) (D:14)
  10 trolls
  3 hornets
  2 tyrant leeches (Swamp:1)
  4 polar bears
  2 wind drakes (Lair:5)
  3 dream sheep (Lair:3)
  14 blink frogs
  Sigmund (D:3)
  A spectral black mamba (Lair:5)
  A centaur simulacrum (D:13)
  2 slime creatures (D:13)
  2 shadows
  4 basilisks
  2 vampires
  30 yaks
  A yak (shapeshifter) (D:15)
  3 wyverns
  2 wraiths (D:13)
  A golden eye (shapeshifter) (D:15)
  11 vampire mosquitoes
  Menkaure (D:6)
  A death yak simulacrum (Lair:5)
  A redback simulacrum (D:13)
  5 steam dragons
  2 nagas (Lair:2)
  A swamp worm (Swamp:1)
  6 wargs
  A spectral cane toad (Lair:5)
  17 water moccasins
  3 ice beasts
  31 orc warriors
  3 sky beasts
  3 black bears
  22 ogres
  20 wolves
  4 centaurs (D:13)
  5 phantoms
  5 elf zombies (Ossuary)
  10 bullfrogs
  3 kobold brigands
  5 gnoll sergeants
  4 scorpions
  A cane toad simulacrum (Lair:5)
  16 wights
  4 killer bees (D:11)
  10 howler monkeys
  6 electric eels
  3 centaur zombies (Ossuary)
  3 gnoll boudas
  4 human zombies (Ossuary)
  21 orc priests
  10 hounds
  2 iguanas (D:5)
  2 sleepcaps
  5 hell rats (Lair:2)
  35 orc wizards
  3 mummies (Ossuary)
  Robin (D:3)
  24 gnolls
  4 adders
  A shadow imp (D:7)
  2 white imps (D:13)
  An ufetubus (D:5)
  2 worms
  2 dart slugs
  66 orcs
  3 bats (D:2)
  6 endoplasms
  2 giant cockroaches
  23 goblins
  9 hobgoblins
  11 jackals
  19 kobolds
  5 quokkas
  12 ball pythons
  7 frilled lizards
  2 quokka zombies (D:5)
  6 rats
755 creatures vanquished.

Vanquished Creatures (others)
  An orc knight (Orc:2)
  A gargoyle (D:11)
  5 dream sheep (D:4)
  51 fulminant prisms
58 creatures vanquished.

Grand Total: 813 creatures vanquished

Notes
Turn   | Place    | Note
-------+----------+-------------------------------------------
     0 | D:1      | IndexError the Djinni Conjurer began the quest for the Orb.
     0 | D:1      | IndexError set off with the following spells memorised:
                  | Magic Dart, Searing Ray, Dazzling Flash, Fulminant Prism,
                  | Iskenderun's Mystic Blast.
     0 | D:1      | Reached XP level 1. HP: 15/15 MP: 0/0
   174 | D:1      | Reached XP level 2. HP: 20/21 MP: 0/0
   399 | D:1      | Reached XP level 3. HP: 23/25 MP: 0/0
   399 | D:1      | Learned a level 1 spell: Sandblast
   409 | D:1      | Found Laocw's Antique Armour Emporium.
   454 | D:1      | Reached skill level 4 in Spellcasting
   454 | D:1      | Reached skill level 4 in Conjurations
   454 | D:1      | Reached skill level 4 in Hexes
   454 | D:1      | Reached skill level 4 in Summonings
   454 | D:1      | Reached skill level 4 in Necromancy
   454 | D:1      | Reached skill level 4 in Translocations
   454 | D:1      | Reached skill level 4 in Transmutations
   454 | D:1      | Reached skill level 4 in Fire Magic
   454 | D:1      | Reached skill level 4 in Ice Magic
   454 | D:1      | Reached skill level 4 in Air Magic
   454 | D:1      | Reached skill level 4 in Earth Magic
   454 | D:1      | Reached skill level 4 in Poison Magic
  1123 | D:2      | Reached XP level 4. HP: 30/31 MP: 0/0
  2194 | D:3      | Found a faded altar of an unknown god.
  2215 | D:3      | Identified the +2 helmet of Festooned Curiosity {rPois rN+}
  2215 | D:3      | Noticed Robin
  2220 | D:3      | Killed Robin
  2221 | D:3      | Reached XP level 5. HP: 16/35 MP: 0/0
  2221 | D:3      | Learned a level 2 spell: Static Discharge
  2564 | D:3      | Identified the +3 dagger of Watchfulness {flame, *Slow
                  | rPois MP+9 Stlth-}
  2721 | D:3      | Noticed Sigmund
  2728 | D:3      | Killed Sigmund
  2729 | D:3      | Reached skill level 5 in Spellcasting
  2729 | D:3      | Reached skill level 5 in Conjurations
  2729 | D:3      | Reached skill level 5 in Hexes
  2729 | D:3      | Reached skill level 5 in Summonings
  2729 | D:3      | Reached skill level 5 in Necromancy
  2729 | D:3      | Reached skill level 5 in Translocations
  2729 | D:3      | Reached skill level 5 in Transmutations
  2729 | D:3      | Reached skill level 5 in Fire Magic
  2729 | D:3      | Reached skill level 5 in Ice Magic
  2729 | D:3      | Reached skill level 5 in Air Magic
  2729 | D:3      | Reached skill level 5 in Earth Magic
  2729 | D:3      | Reached skill level 5 in Poison Magic
  2729 | D:3      | Reached XP level 6. HP: 23/40 MP: 0/0
  2942 | D:4      | Reached skill level 6 in Spellcasting
  2942 | D:4      | Reached skill level 6 in Conjurations
  2942 | D:4      | Reached skill level 6 in Hexes
  2942 | D:4      | Reached skill level 6 in Summonings
  2942 | D:4      | Reached skill level 6 in Necromancy
  2942 | D:4      | Reached skill level 6 in Translocations
  2942 | D:4      | Reached skill level 6 in Transmutations
  2942 | D:4      | Reached skill level 6 in Fire Magic
  2942 | D:4      | Reached skill level 6 in Ice Magic
  2942 | D:4      | Reached skill level 6 in Air Magic
  2942 | D:4      | Reached skill level 6 in Earth Magic
  2942 | D:4      | Reached skill level 6 in Poison Magic
  3023 | D:4      | Noticed a dream sheep
  3023 | D:4      | Noticed a dream sheep
  3023 | D:4      | Noticed a dream sheep
  3023 | D:4      | Noticed a dream sheep
  3023 | D:4      | Noticed a dream sheep
  3023 | D:4      | Found a shimmering altar of Xom.
  3027 | D:4      | Killed a dream sheep
  3028 | D:4      | Killed a dream sheep
  3028 | D:4      | Killed a dream sheep
  3028 | D:4      | Killed a dream sheep
  3028 | D:4      | Killed a dream sheep
  3040 | D:4      | Reached XP level 7. HP: 42/45 MP: 0/0
  3040 | D:4      | Learned a level 2 spell: Call Imp
  3393 | D:4      | Found a large runed translucent door.
  3394 | D:4      | Found a large runed translucent door.
  3419 | D:4      | Noticed PirateVox's ghost (amateur FoFi)
  3857 | D:5      | Entered Level 5 of the Dungeon
  3911 | D:5      | Found a sand-covered staircase.
  3923 | Ossuary  | Entered an ossuary
  3957 | Ossuary  | Reached skill level 7 in Spellcasting
  3957 | Ossuary  | Reached skill level 7 in Conjurations
  3957 | Ossuary  | Reached skill level 7 in Hexes
  3957 | Ossuary  | Reached skill level 7 in Summonings
  3957 | Ossuary  | Reached skill level 7 in Necromancy
  3957 | Ossuary  | Reached skill level 7 in Translocations
  3957 | Ossuary  | Reached skill level 7 in Transmutations
  3957 | Ossuary  | Reached skill level 7 in Fire Magic
  3957 | Ossuary  | Reached skill level 7 in Ice Magic
  3957 | Ossuary  | Reached skill level 7 in Air Magic
  3957 | Ossuary  | Reached skill level 7 in Earth Magic
  3957 | Ossuary  | Reached skill level 7 in Poison Magic
  3957 | Ossuary  | Reached XP level 8. HP: 22/50 MP: 0/0
  4189 | Ossuary  | Reached skill level 8 in Spellcasting
  4189 | Ossuary  | Reached skill level 8 in Conjurations
  4189 | Ossuary  | Reached skill level 8 in Hexes
  4189 | Ossuary  | Reached skill level 8 in Summonings
  4189 | Ossuary  | Reached skill level 8 in Necromancy
  4189 | Ossuary  | Reached skill level 8 in Translocations
  4189 | Ossuary  | Reached skill level 8 in Transmutations
  4189 | Ossuary  | Reached skill level 8 in Fire Magic
  4189 | Ossuary  | Reached skill level 8 in Ice Magic
  4189 | Ossuary  | Reached skill level 8 in Air Magic
  4189 | Ossuary  | Reached skill level 8 in Earth Magic
  4189 | Ossuary  | Reached skill level 8 in Poison Magic
  4192 | Ossuary  | Reached skill level 1 in Fighting
  4330 | D:5      | Found an opulent altar of Gozag.
  4366 | D:5      | Reached skill level 2 in Fighting
  4403 | D:5      | Reached XP level 9. HP: 55/59 MP: 0/0
  4403 | D:5      | Learned a level 4 spell: Anguish
  4421 | D:5      | Reached skill level 3 in Fighting
  4593 | D:5      | Found a staircase to the Ecumenical Temple.
  4602 | Temple   | Entered the Ecumenical Temple
  4866 | D:5      | Found a stormy altar of Qazlal.
  5262 | D:5      | Reached skill level 4 in Fighting
  5760 | D:6      | Noticed Menkaure
  5770 | D:6      | Killed Menkaure
  5771 | D:6      | Reached skill level 5 in Fighting
  5908 | D:6      | Reached skill level 9 in Spellcasting
  5908 | D:6      | Reached skill level 9 in Conjurations
  5908 | D:6      | Reached skill level 9 in Hexes
  5908 | D:6      | Reached skill level 9 in Summonings
  5908 | D:6      | Reached skill level 9 in Necromancy
  5908 | D:6      | Reached skill level 9 in Translocations
  5908 | D:6      | Reached skill level 9 in Transmutations
  5908 | D:6      | Reached skill level 9 in Fire Magic
  5908 | D:6      | Reached skill level 9 in Ice Magic
  5908 | D:6      | Reached skill level 9 in Air Magic
  5908 | D:6      | Reached skill level 9 in Earth Magic
  5908 | D:6      | Reached skill level 9 in Poison Magic
  6104 | D:6      | Noticed a kobold demonologist
  6120 | D:6      | Killed a kobold demonologist
  6121 | D:6      | Reached skill level 6 in Fighting
  6121 | D:6      | Reached XP level 10. HP: 69/73 MP: 0/0
  6207 | D:6      | Noticed a kobold demonologist
  6214 | D:6      | Killed a kobold demonologist
  6215 | D:6      | Reached skill level 7 in Fighting
  6707 | D:6      | Reached skill level 10 in Spellcasting
  6707 | D:6      | Reached skill level 10 in Conjurations
  6707 | D:6      | Reached skill level 10 in Hexes
  6707 | D:6      | Reached skill level 10 in Summonings
  6707 | D:6      | Reached skill level 10 in Necromancy
  6707 | D:6      | Reached skill level 10 in Translocations
  6707 | D:6      | Reached skill level 10 in Transmutations
  6707 | D:6      | Reached skill level 10 in Fire Magic
  6707 | D:6      | Reached skill level 10 in Ice Magic
  6707 | D:6      | Reached skill level 10 in Air Magic
  6707 | D:6      | Reached skill level 10 in Earth Magic
  6707 | D:6      | Reached skill level 10 in Poison Magic
  6747 | D:6      | Reached skill level 8 in Fighting
  7665 | D:7      | Reached skill level 3 in Dodging
  7869 | D:7      | Reached skill level 4 in Dodging
  7910 | D:7      | Found Wygah's Jewellery Boutique.
  7960 | D:7      | Reached XP level 11. HP: 78/82 MP: 0/0
  7960 | D:7      | Learned a level 4 spell: Animate Armour
  8071 | D:7      | Reached skill level 9 in Fighting
  8283 | D:7      | Bought an amulet of regeneration for 360 gold pieces
  8668 | D:8      | You are sucked into a shaft and drop 3 floors!
  8679 | D:11     | Reached skill level 5 in Dodging
  8944 | D:11     | Noticed a two-headed ogre
  8949 | D:11     | Killed a two-headed ogre
  8950 | D:11     | Reached skill level 6 in Dodging
  8964 | D:11     | Noticed a two-headed ogre
  8972 | D:11     | Killed a two-headed ogre
  8973 | D:11     | Reached skill level 10 in Fighting
  9172 | D:11     | Noticed a red ugly thing
  9184 | D:11     | Killed a red ugly thing
  9185 | D:11     | Reached skill level 7 in Dodging
  9299 | D:10     | Entered Level 10 of the Dungeon
  9509 | D:10     | Found a snail-covered altar of Cheibriados.
  9610 | D:9      | Noticed Erolcha
  9614 | D:9      | Killed Erolcha
  9615 | D:9      | Reached skill level 8 in Dodging
 10431 | D:9      | Reached skill level 9 in Dodging
 10445 | D:9      | Found a staircase to the Orcish Mines.
 10637 | D:9      | Noticed a two-headed ogre
 10645 | D:9      | Killed a two-headed ogre
 10646 | D:9      | Reached skill level 10 in Dodging
 10646 | D:9      | Reached XP level 12. HP: 65/91 MP: 0/0
 10715 | D:9      | Found a staircase to the Lair.
 10781 | D:9      | Found a broken altar of Ashenzari.
 10787 | D:9      | Became a worshipper of Ashenzari the Shackled
 10890 | D:9      | Reached skill level 11 in Dodging
 10897 | D:9      | Found Kotzixo's Distillery.
 10900 | D:9      | Found Nuug's General Store.
 10900 | D:9      | Found Jotroth's Armour Shop.
 10902 | D:9      | Found Sihes's Jewellery Shop.
 11014 | D:9      | Reached skill level 1 in Evocations
 11298 | D:10     | Noticed a tengu warrior
 11320 | D:10     | Noticed Gastronok
 11325 | D:10     | Reached skill level 2 in Evocations
 11382 | Orc:1    | Entered Level 1 of the Orcish Mines
 11382 | Orc:1    | Noticed an ettin
 11389 | Orc:1    | Killed an ettin
 11390 | Orc:1    | Reached skill level 3 in Evocations
 11465 | Orc:1    | Reached skill level 4 in Evocations
 11830 | Orc:2    | Entered Level 2 of the Orcish Mines
 11830 | Orc:2    | Found a staircase to the Elven Halls.
 11920 | Orc:2    | Reached skill level 5 in Evocations
 11947 | Orc:2    | Noticed Sonja
 11999 | Orc:2    | Killed Sonja
 12243 | Orc:1    | Noticed an orc warlord
 12246 | Orc:1    | Reached skill level 6 in Evocations
 12475 | Orc:1    | HP: 15/93 [orc warlord/+1 glaive of freezing (9)]
 12747 | Orc:1    | Killed an orc warlord
 12748 | Orc:1    | Reached skill level 11 in Fighting
 12748 | Orc:1    | Reached XP level 13. HP: 28/99 MP: 0/0
 12748 | Orc:1    | Learned a level 5 spell: Agony
 12996 | D:7      | Bought the ring of Zin's Regard {Drain Fly rC+++ Will+
                  | SInv} for 812 gold pieces
 13215 | Orc:2    | Reached skill level 7 in Evocations
 13574 | Orc:2    | Reached skill level 8 in Evocations
 13709 | Orc:2    | Found Xoemam's Weapon Emporium.
 13709 | Orc:2    | Found Tihishaqa's Antique Armour Emporium.
 13710 | Orc:2    | Found Ytaohar's Magic Scroll Boutique.
 13710 | Orc:2    | Found Zetukad's Magic Scroll Boutique.
 13840 | Lair:1   | Entered Level 1 of the Lair of Beasts
 13866 | Lair:1   | Reached skill level 11 in Spellcasting
 13866 | Lair:1   | Reached skill level 11 in Conjurations
 13866 | Lair:1   | Reached skill level 11 in Hexes
 13866 | Lair:1   | Reached skill level 11 in Summonings
 13866 | Lair:1   | Reached skill level 11 in Necromancy
 13866 | Lair:1   | Reached skill level 11 in Translocations
 13866 | Lair:1   | Reached skill level 11 in Transmutations
 13866 | Lair:1   | Reached skill level 11 in Fire Magic
 13866 | Lair:1   | Reached skill level 11 in Ice Magic
 13866 | Lair:1   | Reached skill level 11 in Air Magic
 13866 | Lair:1   | Reached skill level 11 in Earth Magic
 13866 | Lair:1   | Reached skill level 11 in Poison Magic
 13884 | Lair:1   | Reached skill level 9 in Evocations
 13994 | Lair:1   | Identified the +7 chain mail of Inviolability {*Slow Str+5}
 14362 | Lair:1   | Noticed Harold
 14373 | Lair:1   | Killed Harold
 14490 | Lair:1   | Noticed Erica
 14498 | Lair:1   | Killed Erica
 14499 | Lair:1   | Reached skill level 12 in Fighting
 14517 | Lair:1   | Reached XP level 14. HP: 87/108 MP: 0/0
 14648 | Lair:2   | Reached skill level 10 in Evocations
 14693 | Lair:2   | Found a staircase to the Swamp.
 14813 | Lair:2   | Found a staircase to the Snake Pit.
 14855 | Lair:2   | Reached * piety under Ashenzari
 15186 | Lair:2   | Reached skill level 1 in Armour
 15186 | Lair:2   | Reached skill level 1 in Shields
 15195 | Lair:2   | Reached skill level 2 in Armour
 15195 | Lair:2   | Reached skill level 2 in Shields
 15500 | Lair:3   | Reached skill level 3 in Armour
 15500 | Lair:3   | Reached skill level 3 in Shields
 15634 | Lair:3   | Reached ** piety under Ashenzari
 15655 | Lair:3   | Identified the +1 pair of gloves "Boesk" {rN++}
 15668 | Lair:3   | Identified a lightning rod (4/4)
 15978 | Lair:2   | Reached *** piety under Ashenzari
 16202 | Lair:3   | Noticed Amaemon
 16215 | Lair:3   | Killed Amaemon
 16216 | Lair:3   | Reached skill level 4 in Armour
 16216 | Lair:3   | Reached skill level 4 in Shields
 16369 | Lair:3   | Noticed Rupert
 16387 | Lair:3   | Killed Rupert
 16621 | Lair:4   | Found a viscous altar of Jiyva.
 16770 | Lair:4   | Reached skill level 5 in Armour
 16770 | Lair:4   | Reached skill level 5 in Shields
 16788 | Lair:4   | Reached skill level 6 in Armour
 16810 | Lair:4   | Reached skill level 7 in Armour
 16810 | Lair:4   | Reached XP level 15. HP: 118/120 MP: 0/0
 16810 | Lair:4   | Learned a level 6 spell: Plasma Beam
 16827 | Lair:4   | Reached skill level 8 in Armour
 16952 | Lair:4   | Found a staircase to the Slime Pits.
 17074 | Lair:4   | Reached skill level 9 in Armour
 17819 | Lair:5   | Entered Level 5 of the Lair of Beasts
 17828 | Lair:5   | Reached skill level 10 in Armour
 17851 | Lair:5   | Found a dark tunnel.
 17862 | Volcano  | Entered a volcano
 17928 | Volcano  | Reached skill level 13 in Fighting
 18153 | Volcano  | Noticed an orb of fire
 18182 | Volcano  | Noticed an orb of fire
 18200 | Volcano  | Reached skill level 12 in Spellcasting
 18200 | Volcano  | Reached skill level 12 in Conjurations
 18200 | Volcano  | Reached skill level 12 in Hexes
 18200 | Volcano  | Reached skill level 12 in Summonings
 18200 | Volcano  | Reached skill level 12 in Necromancy
 18200 | Volcano  | Reached skill level 12 in Translocations
 18200 | Volcano  | Reached skill level 12 in Transmutations
 18200 | Volcano  | Reached skill level 12 in Fire Magic
 18200 | Volcano  | Reached skill level 12 in Ice Magic
 18200 | Volcano  | Reached skill level 12 in Air Magic
 18200 | Volcano  | Reached skill level 12 in Earth Magic
 18200 | Volcano  | Reached skill level 12 in Poison Magic
 18329 | Lair:5   | Found a runed translucent gate.
 18331 | Lair:5   | Found a runed translucent gate.
 18332 | Lair:5   | Found a runed translucent gate.
 18334 | Lair:5   | Noticed mn3067's ghost (journeyman GrGl)
 18403 | Lair:5   | Killed mn3067's ghost
 19599 | D:10     | Reached XP level 16. HP: 117/130 MP: 0/0
 19784 | D:10     | Found a white marble altar of Elyvilon.
 19822 | D:10     | Killed Gastronok
 19823 | D:10     | Reached skill level 1 in Staves
 20169 | D:11     | Identified Sif Muna's Folio of the Brume
 20552 | D:11     | Reached skill level 2 in Staves
 21146 | D:12     | Reached skill level 3 in Staves
 21939 | D:13     | Found Qufochipsu's General Store.
 21945 | D:13     | Bought a scroll of magic mapping for 75 gold pieces
 21993 | D:13     | Noticed Urug
 21996 | D:13     | Killed Urug
 21999 | D:13     | Reached skill level 4 in Staves
 22128 | D:13     | Found a gate to the Vaults.
 22734 | D:14     | Reached skill level 5 in Staves
 22751 | D:14     | Noticed Nessos
 22754 | D:14     | Killed Nessos
 22840 | D:14     | Reached skill level 6 in Staves
 23019 | D:14     | Found Lanuywki's Book Emporium.
 23123 | D:13     | Reached skill level 13 in Spellcasting
 23123 | D:13     | Reached skill level 13 in Conjurations
 23123 | D:13     | Reached skill level 13 in Hexes
 23123 | D:13     | Reached skill level 13 in Summonings
 23123 | D:13     | Reached skill level 13 in Necromancy
 23123 | D:13     | Reached skill level 13 in Translocations
 23123 | D:13     | Reached skill level 13 in Transmutations
 23123 | D:13     | Reached skill level 13 in Fire Magic
 23123 | D:13     | Reached skill level 13 in Ice Magic
 23123 | D:13     | Reached skill level 13 in Air Magic
 23123 | D:13     | Reached skill level 13 in Earth Magic
 23123 | D:13     | Reached skill level 13 in Poison Magic
 23250 | D:13     | Reached skill level 7 in Staves
 23254 | D:13     | HP: 28/130 [centaur warrior/arrow (15)]
 23255 | D:13     | HP: 7/130 [centaur warrior/arrow (17)]
 23261 | D:13     | HP: 31/130 [vampire mosquito (4)]
 23615 | D:14     | Noticed Lodul
 23617 | D:14     | Killed Lodul
 23644 | D:14     | Found Udghefan's Antique Armour Boutique.
 23649 | D:14     | Bought a pair of shimmering gloves for 237 gold pieces
 23649 | D:14     | Identified the +0 pair of gloves "Cat Najo" {rC- rCorr
                  | Str+4 Slay+2} (You bought it in a shop on level 14 of the
                  | Dungeon)
 23760 | D:15     | Entered Level 15 of the Dungeon
 23971 | D:15     | Found a transporter.
 23971 | D:15     | Found a transporter.
 24036 | D:15     | Identified the Secrets of Frozen Changes
 24104 | D:15     | Reached skill level 8 in Staves
 24104 | D:15     | Reached XP level 17. HP: 108/135 MP: 0/0
 24104 | D:15     | Learned a level 6 spell: Leda's Unmaking
 24124 | D:15     | Found a staircase to the Depths.
 24276 | D:15     | Noticed Boop's ghost (journeyman DEAE)
 24281 | D:15     | Identified the +0 hat of Xeaxt {rF+ Regen+ Int+3}
 24296 | D:15     | Identified the Commentary on Geological Lightning
 24363 | D:15     | Identified the staff of death "Ciux" {Fragile rF+ rN+ Dex+3
                  | Stlth+}
 24724 | Swamp:1  | Entered Level 1 of the Swamp
 24750 | Swamp:1  | HP: 32/135 [bunyip (26)]
 24750 | Swamp:1  | HP: 5/135 [bunyip (27)]
 24751 | Swamp:1  | Engulfed by a ghost crab's spectral mist

Illustrated notes

Levels and vault maps discovered:
D:1:      evilmike_arrival_hilbert_curve, layout_basic, serial_shops,
          nicolae_shop_statue_plus, minmay_statues_item, minmay_door_square,
          minmay_pentomino_p4
D:2:      layout_basic
D:3:      layout_basic, ebering_ecumenical_altar_petrified, uniq_sigmund,
          uniq_robin
D:4:      layout_basic, kb_xom_exploding_sheep, ebering_ghost_disaster_area,
          serial_rivers, chequers_serial_rivers_micro_c,
          chequers_serial_rivers_micro_a, chequers_serial_rivers_large_a,
          chequers_serial_rivers_large_b, chequers_serial_rivers_room_b
D:5:      layout_basic, lemuel_doored_altar, mainiacjoe_overflow_cross_hatched,
          temple_pool_b, enter_ossuary_4
D:6:      lemuel_castle_with_subvaults [lemuel_castle_interior_original],
          layout_loops_cross, nicolae_concentric_dashed_squares_wild,
          uniq_menkaure
D:7:      layout_basic, serial_shops, shop_statue
D:8:      layout_basic
D:9:      layout_loops_ring, mainiacjoe_overflow_tiny_flanked, lair_entry_dummy,
          minmay_orc_entry_temple_small, minmay_shop_grid_forest,
          minmay_orc_keep, uniq_erolcha
D:10:     layout_roguey, cheibriados_altar_2, minitemple, uniq_gastronok
D:11:     layout_grid_maze, gauntlet_entry_generic, led_sif_book
D:12:     layout_basic
D:13:     minmay_bubble_buster, layout_loops_cross, erik_vaults_1, serial_shops,
          nicolae_stop_n_shop_2, serial_ice, serial_ice_h, serial_ice_b,
          serial_ice_j, serial_ice_o, reono_crystal_passage, uniq_urug
D:14:     layout_basic, serial_shops, shop, nicolae_shop_dealshenge, uniq_lodul,
          uniq_nessos
D:15:     hangedman_depths_entry_civil_slaughter, layout_loops_cross,
          nzn_ghost_randoct
Temple:   eino_narrow_crystal_temple
Lair:1:   layout_roguey, serial_bayou_shore_a, infiniplex_staircase_pool_2,
          grunt_megastairs_4, uniq_harold, uniq_erica
Lair:2:   layout_long_grid, minmay_swamp_entry_swarm,
          guppyfry_snake_entry_island, st_stairs_13, lemuel_fruit_fields
Lair:3:   layout_cave_pods, dreamdust_gnoll_shepherd, uniq_rupert, uniq_amaemon
Lair:4:   nzn_motion_control, layout_small_grid, minmay_slime_entry_oklob_open,
          serial_bayou, serial_bayou_shore_b, serial_bayou_lake_a,
          serial_bayou_ford_a, serial_bayou_pond_a, minmay_lair_oklob_items
Lair:5:   gammafunk_lair_ancient_temple, layout_layer_cave, enter_volcano_2,
          gammafunk_ghost_necromancy, chequers_serial_rivers_micro_e,
          patterned_corridor
Swamp:1:  nicolae_swamp_decorative_isthmus, layout_basic_swamp,
          infiniplex_staircase_pool
Orc:1:    layout_diamond_mine
Orc:2:    st_orc_elflike, layout_diamond_mine, basic_altar, uniq_sonja

Skill      XL: |  1  2  3  4  5  6  7  8  9 10 11 12 13 14 15 16 |
---------------+-------------------------------------------------+-----
Spellcasting   | 4 5 6 7 8 9 10 11 12 13 | 13.4
Conjurations   | 4 5 6 7 8 9 10 11 12 13 | 13.4
Hexes          | 4 5 6 7 8 9 10 11 12 13 | 13.4
Summonings     | 4 5 6 7 8 9 10 11 12 13 | 13.4
Necromancy     | 4 5 6 7 8 9 10 11 12 13 | 13.4
Translocations | 4 5 6 7 8 9 10 11 12 13 | 13.4
Transmutations | 4 5 6 7 8 9 10 11 12 13 | 13.4
Fire Magic     | 4 5 6 7 8 9 10 11 12 13 | 13.4
Ice Magic      | 4 5 6 7 8 9 10 11 12 13 | 13.4
Air Magic      | 4 5 6 7 8 9 10 11 12 13 | 13.4
Earth Magic    | 4 5 6 7 8 9 10 11 12 13 | 13.4
Poison Magic   | 4 5 6 7 8 9 10 11 12 13 | 13.4
Fighting       | 2 6 8 10 11 12 13 | 13.9
Dodging        | 4 10 11 | 11.0
Evocations     | 6 9 10 | 10.0
Armour         | 7 10 | 10.0
Shields        | 5 |  5.0
Staves         | 8 |  8.3
Stealth        | |  1.5

Action                     |  1- 3 |  4- 6 |  7- 9 | 10-12 | 13-15 | 16-18 || total
---------------------------+-------+-------+-------+-------+-------+-------++-------
  Melee: Falchion          |     4 |     3 |       |       |       |       ||     7
         Staff             |       |       |     4 |    12 |     8 |       ||    24
         Unarmed           |       |       |       |     4 |       |       ||     4
   Cast: Magic Dart        |    56 |    75 |    82 |   263 |   140 |     3 ||   619
         Searing Ray       |       |    11 |    16 |    20 |     5 |       ||    52
         Sandblast         |       |     4 |    51 |   216 |   103 |       ||   374
         Call Imp          |       |       |     1 |     1 |       |       ||     2
         Iskenderun's Myst |       |       |     3 |    96 |   177 |    13 ||   289
         Fulminant Prism   |       |       |       |    14 |    37 |       ||    51
         Anguish           |       |       |       |     4 |     2 |       ||     6
         Plasma Beam       |       |       |       |       |   125 |   165 ||   290
 Invoke: Curse Item        |       |       |       |       |     5 |     1 ||     6
         Shatter the Chain |       |       |       |       |       |     1 ||     1
  Evoke: Wand              |       |       |       |       |     3 |       ||     3
    Use: Scroll            |       |       |       |    23 |       |       ||    23
         Potion            |       |       |       |       |       |     2 ||     2
   Stab: Sleeping          |     1 |       |       |       |       |       ||     1
 Armour: Robe              |       |    12 |     6 |    50 |       |       ||    68
         Troll leather arm |       |       |       |     1 |    53 |    10 ||    64
  Dodge: Dodged            |     1 |    30 |    29 |   142 |   101 |    20 ||   323
  Block: Other             |       |       |    17 |    10 |       |       ||    27
         Reflection        |       |       |     1 |       |       |       ||     1
         Buckler           |       |       |       |       |     9 |    14 ||    23

Table legend: (Time is in decaauts)
 A = Elapsed time spent in this place.
 B = Non-inter-level travel time spent in this place.
 C = Inter-level travel time spent in this place.
 D = Time resting spent in this place.
 E = Time spent auto-exploring this place.
 F = Levels seen in this place.
 G = Mean time per level.
                   A        B        C        D        E       F      G
               +--------+--------+--------+--------+--------+-----+--------+
         Total |  24951 |  22404 |   2547 |    222 |  18223 |  26 |  959.7 |
       Dungeon |  16219 |  14398 |   1821 |    132 |  12194 |  15 | 1081.3 |
        Temple |    237 |    224 |     13 |      0 |    217 |   1 |  237.0 |
          Lair |   5363 |   4960 |    403 |      0 |   4129 |   5 | 1072.6 |
         Swamp |     26 |     26 |      0 |      0 |      0 |   1 |   26.0 |
  Orcish Mines |   2290 |   1982 |    308 |     90 |   1141 |   2 | 1145.0 |
       Ossuary |    388 |    388 |      0 |      0 |    289 |   1 |  388.0 |
       Volcano |    426 |    426 |      0 |      0 |    253 |   1 |  426.0 |
               +--------+--------+--------+--------+--------+-----+--------+

Top non-repeatable levels by time:
     D:6: 1746 daAuts
   Orc:2: 1503 daAuts
    D:11: 1455 daAuts
    D:12: 1350 daAuts
     D:9: 1326 daAuts
     D:7: 1294 daAuts
  Lair:4: 1261 daAuts
     D:5: 1212 daAuts
  Lair:5: 1204 daAuts
     D:2: 1165 daAuts
  Lair:3: 1118 daAuts
     D:1: 989 daAuts
     D:4: 934 daAuts
  Lair:1: 911 daAuts
  Lair:2: 867 daAuts

Levels and vault maps discovered:
D:1:      evilmike_arrival_hilbert_curve, layout_basic, serial_shops,
          nicolae_shop_statue_plus, minmay_statues_item, minmay_door_square,
          minmay_pentomino_p4
D:2:      layout_basic
D:3:      layout_basic, ebering_ecumenical_altar_petrified, uniq_sigmund,
          uniq_robin
D:4:      layout_basic, kb_xom_exploding_sheep, ebering_ghost_disaster_area,
          serial_rivers, chequers_serial_rivers_micro_c,
          chequers_serial_rivers_micro_a, chequers_serial_rivers_large_a,
          chequers_serial_rivers_large_b, chequers_serial_rivers_room_b
D:5:      layout_basic, lemuel_doored_altar, mainiacjoe_overflow_cross_hatched,
          temple_pool_b, enter_ossuary_4
D:6:      lemuel_castle_with_subvaults [lemuel_castle_interior_original],
          layout_loops_cross, nicolae_concentric_dashed_squares_wild,
          uniq_menkaure
D:7:      layout_basic, serial_shops, shop_statue
D:8:      layout_basic
D:9:      layout_loops_ring, mainiacjoe_overflow_tiny_flanked, lair_entry_dummy,
          minmay_orc_entry_temple_small, minmay_shop_grid_forest,
          minmay_orc_keep, uniq_erolcha
D:10:     layout_roguey, cheibriados_altar_2, minitemple, uniq_gastronok
D:11:     layout_grid_maze, gauntlet_entry_generic, led_sif_book
D:12:     layout_basic
D:13:     minmay_bubble_buster, layout_loops_cross, erik_vaults_1, serial_shops,
          nicolae_stop_n_shop_2, serial_ice, serial_ice_h, serial_ice_b,
          serial_ice_j, serial_ice_o, reono_crystal_passage, uniq_urug
D:14:     layout_basic, serial_shops, shop, nicolae_shop_dealshenge, uniq_lodul,
          uniq_nessos
D:15:     hangedman_depths_entry_civil_slaughter, layout_loops_cross,
          nzn_ghost_randoct
Temple:   eino_narrow_crystal_temple
Lair:1:   layout_roguey, serial_bayou_shore_a, infiniplex_staircase_pool_2,
          grunt_megastairs_4, uniq_harold, uniq_erica
Lair:2:   layout_long_grid, minmay_swamp_entry_swarm,
          guppyfry_snake_entry_island, st_stairs_13, lemuel_fruit_fields
Lair:3:   layout_cave_pods, dreamdust_gnoll_shepherd, uniq_rupert, uniq_amaemon
Lair:4:   nzn_motion_control, layout_small_grid, minmay_slime_entry_oklob_open,
          serial_bayou, serial_bayou_shore_b, serial_bayou_lake_a,
          serial_bayou_ford_a, serial_bayou_pond_a, minmay_lair_oklob_items
Lair:5:   gammafunk_lair_ancient_temple, layout_layer_cave, enter_volcano_2,
          gammafunk_ghost_necromancy, chequers_serial_rivers_micro_e,
          patterned_corridor
Swamp:1:  nicolae_swamp_decorative_isthmus, layout_basic_swamp,
          infiniplex_staircase_pool
Orc:1:    layout_diamond_mine
Orc:2:    st_orc_elflike, layout_diamond_mine, basic_altar, uniq_sonja

Table legend: (Time is in decaauts)
 A = Elapsed time spent in this place.
 B = Non-inter-level travel time spent in this place.
 C = Inter-level travel time spent in this place.
 D = Time resting spent in this place.
 E = Time spent auto-exploring this place.
 F = Levels seen in this place.
 G = Mean time per level.
                   A        B        C        D        E       F      G
               +--------+--------+--------+--------+--------+-----+--------+
         Total |  24951 |  22404 |   2547 |    222 |  18223 |  26 |  959.7 |
       Dungeon |  16219 |  14398 |   1821 |    132 |  12194 |  15 | 1081.3 |
        Temple |    237 |    224 |     13 |      0 |    217 |   1 |  237.0 |
          Lair |   5363 |   4960 |    403 |      0 |   4129 |   5 | 1072.6 |
         Swamp |     26 |     26 |      0 |      0 |      0 |   1 |   26.0 |
  Orcish Mines |   2290 |   1982 |    308 |     90 |   1141 |   2 | 1145.0 |
       Ossuary |    388 |    388 |      0 |      0 |    289 |   1 |  388.0 |
       Volcano |    426 |    426 |      0 |      0 |    253 |   1 |  426.0 |
               +--------+--------+--------+--------+--------+-----+--------+

Top non-repeatable levels by time:
     D:6: 1746 daAuts
   Orc:2: 1503 daAuts
    D:11: 1455 daAuts
    D:12: 1350 daAuts
     D:9: 1326 daAuts
     D:7: 1294 daAuts
  Lair:4: 1261 daAuts
     D:5: 1212 daAuts
  Lair:5: 1204 daAuts
     D:2: 1165 daAuts
  Lair:3: 1118 daAuts
     D:1: 989 daAuts
     D:4: 934 daAuts
  Lair:1: 911 daAuts
  Lair:2: 867 daAuts

Table legend:
 A = Kills in this place as a percentage of kills in the entire game.
 B = Kills by you in this place as a percentage of kills by you in the entire game.
 C = Kills by friends in this place as a percentage of kills by friends in the entire game.
 D = Other kills in this place as a percentage of other kills in the entire game.
 E = Experience gained in this place as a percentage of experience gained in the entire game.
 F = Experience gained in this place divided by the number of levels of this place that you have seen.
                   A       B       C       D       E      F
               +-------+-------+-------+-------+-------+----------------------
         Total | 100.0 | 100.0 |   N/A | 100.0 | 100.0 | 6056.6
       Dungeon |  57.1 |  57.1 |   N/A |  50.0 |  40.9 | 4289.1
          Lair |  23.9 |  24.0 |   N/A |   0.0 |  40.2 | 12660.2
         Swamp |   1.2 |   1.2 |   N/A |   0.0 |   2.3 | 3610.0
  Orcish Mines |  14.0 |  13.9 |   N/A |  50.0 |  11.6 | 9112.0
       Ossuary |   2.0 |   2.0 |   N/A |   0.0 |   0.5 | 850.0
       Volcano |   1.8 |   1.9 |   N/A |   0.0 |   4.5 | 7150.0
               +-------+-------+-------+-------+-------+----------------------
